 Dungeon Crawl Stone Soup version 0.31-a0-177-g4aa6249778 (webtiles) character file.

Game seed: 8352118151480193926

1218 Hajna the Covert (level 8, -14/44 HPs)
             Began as a Kobold Enchanter on June 19, 2023.
             Demolished by an ice beast (21 damage)
             ... on level 6 of the Dungeon.
             The game lasted 00:18:21 (6515 turns).

Hajna the Covert (Kobold Enchanter)                 Turns: 6515, Time: 00:18:22

Health: -14/44     AC:  5    Str:  6    XL:     8   Next: 75%
Magic:  14/14      EV: 16    Int: 16    God:
Gold:   253        SH:  5    Dex: 17    Spells: 4/15 levels left

rFire   + . .        o - +1 short sword (vamp)
rCold   x . .        (no shield)
rNeg    . . .        b - +0 robe
rPois   +            g - +1 helmet
rElec   .            A - +0 cloak
rCorr   .            (no gloves)
SInv    .            (no boots)
Will    .....        B - amulet of reflection
Stlth   ++++++       m - ring of poison resistance
HPRegen 0.27/turn    s - ring of fire
MPRegen 0.14/turn

%: reflection
@: no status effects
A: small, no large weapons, nightstalker 3
a: no special abilities


You were on level 6 of the Dungeon.
You visited 1 branch of the dungeon, and saw 6 of its levels.

You collected 253 gold pieces.

Inventory:

Hand Weapons
 o - a +1 vampiric short sword (weapon)
Missiles
 l - 2 atropa-tipped darts
 q - 6 boomerangs
 y - a throwing net
Armour
 b - a +0 robe (worn)
 e - a +0 animal skin
 g - a +1 helmet (worn)
 A - a +0 cloak (worn)
Magical Staves
 z - the staff of Ointment {rElec Str-4 Dex+4 Conj}
   (You found it on level 5 of the Dungeon)

   [staff of conjuration]

   Base accuracy: +5 Base damage: 5 Base attack delay: 1.2 This weapon's minimum
   attack delay (0.6) is reached at skill level 12.
   Str:       It affects your strength (-4).
   Dex:       It affects your dexterity (+4).
   rElec:     It insulates you from electricity.
   It falls into the 'Staves' category.
   It is a two-handed weapon.
Jewellery
 m - a ring of poison resistance (left hand)
 s - a ring of fire (right hand)
 B - an amulet of reflection (around neck)
Wands
 i - a wand of charming (9)
Scrolls
 f - a scroll of fear
 h - a scroll of revelation
 v - 2 scrolls of fog {unknown}
 w - 2 scrolls of identify
Potions
 a - a potion of cancellation {unknown}
 c - 3 potions of invisibility
 d - 2 potions of berserk rage
 j - a potion of curing
 k - a potion of enlightenment
 n - a potion of attraction {unknown}
 p - a potion of heal wounds {unknown}
 r - 3 potions of resistance {unknown}
 t - 2 potions of brilliance {unknown}
 u - a potion of mutation {unknown}
 x - a potion of magic {unknown}


   Skills:
 + Level 1.9 Fighting
 + Level 3.5 Short Blades
 + Level 3.8 Dodging
 * Level 10.1 Stealth
 + Level 4.3 Spellcasting
 + Level 4.7 Hexes
 + Level 2.7 Ice Magic


You had 4 spell levels left.
You knew the following spells:

 Your Spells              Type           Power      Damage    Failure   Level
a - Ensorcelled Hibernat  Hex/Ice        30%        N/A       5%          2
b - Confusing Touch       Hex            18%        N/A       7%          3
c - Tukima's Dance        Hex            18%        N/A       7%          3
d - Dazzling Flash        Conj/Hex       22%        N/A       19%         3

Your spell library contained the following spells:

 Spells                   Type           Power      Damage    Failure   Level
 Beastly Appendage        Tmut           6%         N/A       16%         1
 Passwall                 Tmut/Erth      2%         N/A       24%         2
 Scorch                   Fire           10%        2d5       24%         2
 Wereblood                Tmut           3%         N/A       24%         2
 Cause Fear               Hex            9%         N/A       24%         4
 Spider Form              Tmut/Pois      3%         N/A       43%         3
 Swiftness                Air            3%         N/A       43%         3
 Anguish                  Hex/Necr       5%         N/A       52%         4
 Flame Wave               Conj/Fire      5%         2d5       85%         4
 Summon Cactus Giant      Summ           1%         N/A       100%        6
 Enfeeble                 Hex            9%         N/A       100%        7


Dungeon Overview and Level Annotations

Branches:
Dungeon (6/15)
 Temple: D:4-7

Altars:

Shops:
D:3 :


Innate Abilities, Weirdness & Mutations

You are small and have problems with some larger weapons.
You are completely attuned to the shadows.


Message History

You closely miss the ice beast.
The ice beast is severely wounded.
You hit the ice beast but do no damage.
The ice beast is severely wounded.
The ice beast hits you. The ice beast freezes you!
You feel a terrible chill!
You hit the ice beast.
The ice beast is almost dead.
The ice beast barely misses you.
You barely miss the ice beast.
The ice beast is almost dead.
The ice beast hits you. The ice beast freezes you!
You feel a terrible chill!
You barely miss the ice beast.
The ice beast is almost dead.
The ice beast misses you.
You closely miss the ice beast.
The ice beast is almost dead.
You block the ice beast's attack.
You closely miss the ice beast.
The ice beast is almost dead.
You hit the ice beast but do no damage.
The ice beast is almost dead.
The ice beast hits you. The ice beast freezes you!
You feel a terrible chill!
* * * LOW HITPOINT WARNING * * *
You hit the ice beast but do no damage.
The ice beast is almost dead.
The ice beast closely misses you.
You hit the ice beast but do no damage.
The ice beast is almost dead.
The ice beast misses you.
You closely miss the ice beast.
The ice beast is almost dead.
The ice beast barely misses you.
You barely miss the ice beast.
The ice beast is almost dead.
You hit the ice beast but do no damage.
The ice beast is almost dead.
The ice beast hits you.
* * * LOW HITPOINT WARNING * * *
The ice beast freezes you!!
You feel a terrible chill!
You die...

#......#...
#.<..).....
.###..........
..............
.................##
<.................#
..................##
.............#.....#
...Y@..........#...#
............##....#
...........#####..###
...........###.#....#
.....###.............
..#...###.......
.......##......#
.....<.........#
.#..................#


You could see an ice beast.

Vanquished Creatures
  The ghost of NoAnimeNoLife the Trooper, an amateur OgWr (D:4)
  2 black bears (D:5)
  An ogre (D:4)
  Blork the orc (D:4)
  A scorpion (D:5)
  A howler monkey (D:4)
  Crazy Yiuf (D:5)
  A gnoll bouda (D:4)
  4 orc priests
  3 iguanas
  Terence (D:2)
  Natasha (thrice) (D:2)
  2 orc wizards
  Robin (D:3)
  5 gnolls
  6 adders
  A white imp (D:6)
  4 worms
  A dart slug (D:2)
  11 orcs
  6 ball pythons
  5 endoplasms
  5 giant cockroaches
  13 goblins
  10 hobgoblins
  4 jackals (D:4)
  3 quokkas
  4 bats
  2 frilled lizards
  5 kobolds
  6 rats
114 creatures vanquished.

Notes
Turn   | Place    | Note
-------+----------+-------------------------------------------
     0 | D:1      | Hajna the Kobold Enchanter began the quest for the Orb.
     0 | D:1      | Reached XP level 1. HP: 10/10 MP: 3/3
    68 | D:1      | Reached XP level 2. HP: 15/15 MP: 5/5
    83 | D:1      | Learned a level 2 spell: Ensorcelled Hibernation
   407 | D:1      | Reached XP level 3. HP: 19/19 MP: 6/6
   433 | D:1      | Reached skill level 5 in Stealth
  1038 | D:2      | Reached XP level 4. HP: 24/24 MP: 7/7
  1312 | D:2      | Noticed Terence
  1317 | D:2      | Killed Terence
  1318 | D:2      | Reached skill level 6 in Stealth
  1318 | D:2      | Reached XP level 5. HP: 28/28 MP: 8/8
  1816 | D:2      | Noticed Natasha
  1820 | D:2      | Killed Natasha
  2239 | D:2      | Noticed Natasha
  2257 | D:2      | Killed Natasha
  2258 | D:2      | Reached skill level 1 in Ice Magic
  2536 | D:2      | Noticed Natasha
  2541 | D:2      | Killed Natasha
  2542 | D:2      | Reached XP level 6. HP: 28/33 MP: 7/10
  2548 | D:2      | Learned a level 3 spell: Confusing Touch
  2552 | D:2      | Learned a level 3 spell: Tukima's Dance
  2556 | D:2      | Learned a level 3 spell: Dazzling Flash
  2621 | D:3      | Reached skill level 7 in Stealth
  2687 | D:3      | Noticed Robin
  2804 | D:4      | Noticed Blork the orc
  2809 | D:4      | Killed Blork the orc
  3133 | D:3      | Reached skill level 1 in Fighting
  3322 | D:3      | Found Ruigische's Book Emporium.
  3413 | D:3      | Killed Robin
  3414 | D:3      | Reached XP level 7. HP: 33/38 MP: 4/12
  4281 | D:4      | Reached skill level 8 in Stealth
  4854 | D:4      | Found a runed translucent door.
  4984 | D:4      | Found a runed translucent door.
  4990 | D:4      | Noticed NoAnimeNoLife's ghost (amateur OgWr)
  5226 | D:4      | Killed NoAnimeNoLife's ghost
  5227 | D:4      | Reached skill level 9 in Stealth
  5227 | D:4      | Reached XP level 8. HP: 6/43 MP: 12/14
  5358 | D:5      | Entered Level 5 of the Dungeon
  5942 | D:5      | Reached skill level 10 in Stealth
  6044 | D:5      | Identified the staff of Ointment {rElec Str-4 Dex+4 Conj}
  6054 | D:5      | Found a runed translucent door.
  6057 | D:5      | Noticed Crazy Yiuf
  6334 | D:5      | Killed Crazy Yiuf
  6515 | D:6      | Demolished by an ice beast

Illustrated notes

Levels and vault maps discovered:
D:1:      roderic_octagonal_star, layout_basic
D:2:      layout_basic, uniq_natasha, uniq_terence
D:3:      cheibrodos_pilgrimage, layout_basic, serial_shops, shop, uniq_robin
D:4:      layout_loops_ring, ebering_ghost_sewer_f, st_stairs_13,
          uniq_blork_the_orc
D:5:      layout_layer_cave, uniq_crazy_yiuf_cottage
D:6:      layout_cave_pools, mainiacjoe_overflow_boulevard, uniq_grinder

Skill      XL: |  1  2  3  4  5  6  7  8 |
---------------+-------------------------+-----
Stealth        | 5 6 7 9 10 | 10.1
Ice Magic      | 1 2 |  2.7
Spellcasting   | 3 4 |  4.3
Short Blades   | 2 3 |  3.5
Fighting       | 1 |  1.9
Hexes          | 4 |  4.7
Dodging        | 3 |  3.8

Action                     |  1- 3 |  4- 6 |  7- 9 || total
---------------------------+-------+-------+-------++-------
  Melee: Dagger            |    47 |    51 |       ||    98
         Short sword       |       |    47 |   203 ||   250
         Punch             |       |     1 |       ||     1
   Cast: Ensorcelled Hiber |    11 |    37 |    46 ||    94
         Confusing Touch   |       |     1 |     1 ||     2
    Use: Scroll            |     1 |     6 |     6 ||    13
         Potion            |       |     1 |     1 ||     2
   Stab: Sleeping          |    18 |    29 |    29 ||    76
 Armour: Robe              |     1 |    15 |    25 ||    41
  Dodge: Dodged            |    25 |   100 |   119 ||   244
  Block: Other             |       |       |     1 ||     1

Table legend: (Time is in decaauts)
 A = Elapsed time spent in this place.
 B = Non-inter-level travel time spent in this place.
 C = Inter-level travel time spent in this place.
 D = Time resting spent in this place.
 E = Time spent auto-exploring this place.
 F = Levels seen in this place.
 G = Mean time per level.
                   A        B        C        D        E       F      G
               +--------+--------+--------+--------+--------+-----+--------+
         Total |   6516 |   5970 |    546 |      0 |   4689 |   6 | 1086.0 |
       Dungeon |   6516 |   5970 |    546 |      0 |   4689 |   6 | 1086.0 |
               +--------+--------+--------+--------+--------+-----+--------+

Top non-repeatable levels by time:
     D:2: 1678 daAuts
     D:4: 1545 daAuts
     D:3: 1176 daAuts
     D:5: 1026 daAuts
     D:1: 974 daAuts
     D:6: 115 daAuts
